 Dungeon Crawl Stone Soup version 0.26-b1-59-ge38874ec40 (webtiles) character file.

Game seed: 15591904647871205131

204814 Zeldest the Severer (level 18, -11/171 HPs)
             Began as a Deep Dwarf Delver on Jan 9, 2021.
             Was the Champion of the Shining One.
             Killed from afar by a Hell Sentinel (52 damage)
             ... with an iron shot
             ... on level 7 of the Iron City of Dis.
             The game lasted 00:56:24 (22276 turns).

Zeldest the Severer (Deep Dwarf Delver)            Turns: 22276, Time: 00:56:25

Health: -11/171    AC: 26    Str: 23    XL:     18   Next: 40%
Magic:  1/1        EV:  6    Int: 10    God:    the Shining One [******]
Gold:   2005       SH: 34    Dex: 14    Spells: 17/17 levels left

rFire    + . .     SeeInvis +   a - +7 broad axe (holy)
rCold    + . .     Faith    .   y - +10 tower shield of Ignorance {rN+ Int-4}
rNeg     + + +     Spirit   .   m - +1 plate armour "Cutihoif" {rElec Int+2}
rPois    +         Reflect  +   v - +0 helmet
rElec    +         Harm     .   z - +2 cloak {Will+}
rCorr    +         Rampage  .   n - +0 pair of gloves
Will     ++...                  X - +0 pair of boots
Stlth    ..........             q - amulet of reflection
HPRegen  0.00/turn              F - ring of Dawn {rPois rF+ rC+ Will- SInv}
MPRegen  0.07/turn              J - ring of resist corrosion

@: non-regenerating, glowing
A: damage resistance, heal wounds, negative energy resistance 1, sense
surroundings 3, no regeneration
a: Heal Wounds, Renounce Religion, Divine Shield, Cleansing Flame, Summon Divine
Warrior


You were on level 7 of the Iron City of Dis.
You worshipped the Shining One.
The Shining One was exalted by your worship.
You visited 7 branches of the dungeon, and saw 34 of its levels.
You visited the Abyss 1 time.
You also visited: Sewer and Gauntlet.

You collected 2293 gold pieces.
You spent 288 gold pieces at shops.

Inventory:

Hand Weapons
 a - a +7 broad axe of holy wrath (weapon)
Armour
 m - the +1 plate armour "Cutihoif" (worn) {rElec Int+2}
   (You found it on level 4 of the Dungeon)

   It affects your intelligence (+2).
   It insulates you from electricity.
 n - a +0 pair of gloves (worn)
 v - a +0 helmet (worn)
 y - the +10 tower shield of Ignorance (worn) {rN+ Int-4}
   (You found it in a Gauntlet)

   It affects your intelligence (-4).
   It protects you from negative energy.
 z - a +2 cloak of willpower (worn)
 X - a +0 pair of boots (worn)
Jewellery
 k - an uncursed ring of willpower
 q - an amulet of reflection (around neck)
 F - the ring of Dawn (left hand) {rPois rF+ rC+ Will- SInv}
   (You acquired it on level 14 of the Dungeon)

   [ring of protection from fire]

   It protects you from fire.
   It protects you from cold.
   It protects you from poison.
   It affects your willpower, your defense against some magical effects.
   It lets you see invisible.
 J - a ring of resist corrosion (right hand)
 N - the ring "Fifrued" {AC+4 Int+5}
   (You found it in a Gauntlet)

   [ring of protection]

   It affects your AC (+4).
   It affects your intelligence (+5).
 Q - the ring of Vamow {rElec rC+ AC+4 Int-2}
   (You found it on level 6 of the Lair of Beasts)

   [ring of protection]

   It affects your AC (+4).
   It affects your intelligence (-2).
   It protects you from cold.
   It insulates you from electricity.
 T - an uncursed ring of poison resistance
 W - an uncursed ring of ice
Wands
 g - a wand of digging (3)
 h - a wand of paralysis (23)
 p - a wand of polymorph (26)
 s - a wand of iceblast (16)
 S - a wand of disintegration (22)
 V - a wand of enslavement (6)
Scrolls
 c - 5 scrolls of fog
 d - 3 scrolls of magic mapping
 e - 4 scrolls of fear
 i - 2 scrolls of noise
 l - 10 scrolls of amnesia
 o - 10 scrolls of teleportation
 r - 5 scrolls of blinking
 w - 2 scrolls of vulnerability
 x - 9 scrolls of remove curse
 A - 4 scrolls of enchant armour
 I - a scroll of holy word
 O - a scroll of torment
 R - 2 scrolls of immolation
Potions
 f - a potion of haste
 j - 4 potions of flight
 u - a potion of berserk rage
 B - 3 potions of curing
 C - 3 potions of mutation
 D - 3 potions of magic
 H - 5 potions of lignification
 K - 2 potions of brilliance
 P - a potion of attraction
 U - a potion of might
Miscellaneous
 t - a box of beasts (inert)


   Skills:
 + Level 13.0 Fighting
 - Level 20.0 Axes
 + Level 14.7 Armour
 - Level 2.1 Dodging
 - Level 6.0 Stealth
 + Level 12.3 Shields
 + Level 17.0 Invocations
 + Level 12.5 Evocations


You had 17 spell levels left.
You didn't know any spells.
Your spell library contained the following spells:

 Spells                   Type           Power        Failure   Level
 Apportation              Tloc           0%           100%        1
 Magic Dart               Conj           0%           100%        1
 Shock                    Conj/Air       0%           100%        1
 Summon Small Mammal      Summ           0%           100%        1
 Blink                    Tloc           N/A          100%        2
 Call Imp                 Summ           0%           100%        2
 Poisonous Vapours        Pois/Air       0%           100%        2
 Searing Ray              Conj           0%           100%        2
 Sublimation of Blood     Necr           0%           100%        2
 Swiftness                Air            0%           100%        2
 Call Canine Familiar     Summ           0%           100%        3
 Conjure Flame            Conj/Fire      0%           100%        3
 Dazzling Flash           Conj/Hex       0%           100%        3
 Gell's Gravitas          Tloc           0%           100%        3
 Ignite Poison            Fire/Tmut/Pois 0%           100%        3
 Lesser Beckoning         Tloc           0%           100%        3
 Mephitic Cloud           Conj/Pois/Air  0%           100%        3
 Static Discharge         Conj/Air       0%           100%        3
 Summon Guardian Golem    Hex/Summ       0%           100%        3
 Teleport Other           Tloc           0%           100%        3
 Tukima's Dance           Hex            0%           100%        3
 Airstrike                Air            0%           100%        4
 Fulminant Prism          Conj/Hex       0%           100%        4
 Iskenderun's Mystic Bla  Conj/Tloc      0%           100%        4
 Passage of Golubria      Tloc           N/A          100%        4
 Petrify                  Tmut/Erth      0%           100%        4
 Summon Ice Beast         Ice/Summ       0%           100%        4
 Summon Lightning Spire   Summ/Air       0%           100%        4
 Alistair's Intoxication  Tmut/Pois      0%           100%        5
 Bolt of Magma            Conj/Fire/Erth 0%           100%        5
 Irradiate                Conj/Tmut      0%           100%        5
 Iskenderun's Battlesphe  Conj           0%           100%        5
 Lightning Bolt           Conj/Air       0%           100%        5
 Eringya's Noxious Bog    Tmut/Pois      0%           100%        6
 Freezing Cloud           Conj/Ice/Air   0%           100%        6
 Invisibility             Hex            0%           100%        6
 Iron Shot                Conj/Erth      0%           100%        6
 Orb of Destruction       Conj           0%           100%        7
 Spellforged Servitor     Conj/Summ      0%           100%        7


Dungeon Overview and Level Annotations

Branches:
Dungeon (15/15)            Temple (1/1) D:5            Lair (6/6) D:9
 Shoals (0/4) Lair:3       Spider (0/4) Lair:4        Slime (0/5) Lair:6
    Orc (2/2) D:9          Vaults (0/5) D:14         Depths (2/5) D:15
   Hell (visited)             Dis (7/7) Hell            Geh (0/7) Hell
    Tar (0/7) Hell          Sewer (visited)         Gauntlet (visited)
    Elf: Orc:2          Coc: Hell:1

Altars:
Ashenzari
Cheibriados
Dithmenos
Elyvilon
Fedhas
Gozag
Hepliaklqana
Kikubaaqudgha
Makhleb
Nemelex Xobeh
Okawaru
Qazlal
Ru
Sif Muna
Trog
Uskayaw
Vehumet
Wu Jian
Xom
Yredelemnul
Zin
The Shining One
Beogh
Jiyva

Shops:
D:9 [   D:13 !

Portals:
Hell: Lair:6

Annotations:
D:15 Roxanne
Lair:3 2 transporters, Deesahac's ghost, journeyman BaFi


Innate Abilities, Weirdness & Mutations

You are resistant to damage.
You can heal yourself by infusing magical energy.
You resist negative energy. (rN+)
You passively map a large area around you.
You do not regenerate.


Message History

You feel much better.
The tormentor calls on the powers of darkness!
Your body is wracked with pain!
* * * LOW HITPOINT WARNING * * *
You block the reaper's attack. You block the Hell Sentinel's attack.
The Hell Sentinel hits you but does no damage.
You feel much better.
The Hell Sentinel hits you but does no damage.
You block the Hell Sentinel's attack.
You slash the Hell Sentinel!
The Hell Sentinel convulses.
The Hell Sentinel is moderately wounded.
The tormentor calls on the powers of darkness!
Your body is wracked with pain!
* * * LOW HITPOINT WARNING * * *
You block the reaper's attack.
You hit the Hell Sentinel but do no damage.
The Hell Sentinel is moderately wounded.
The Hell Sentinel gestures at you. The iron shot hits you!!!
You die...

,,,,,,,,,,,,,,,******,,,,********
,,,,,,,,,,,,,,,,,,,,,,,,,,,,,,,,,
**,,**,,,*,,**,,**,,*,,,,*,,**,,*
**********************++*********
**************#######*++*********
,,,*,,,,*,,,*,#.....#,,,,*,,**,,*
,,,*,,,,*,,,*,#.....#,,,,,,,,,,,,
,,,**+***,,,*,#.....#,,,,,,,,****
,,,*,,,,**+**,#.@...#,,,,,,,,*,,,
,,,*,,,,,,,,,,###1###,,,,,,,,*,,,
****,,,,,,.......22......,,,,+,,,
,,,,,,,***###............,,,,*,,,
,,,,,,,*,,,,#............,,,,****
≈≈,,,,,*,,,,+....####'##.,,,,,,*,
≈≈≈,*+**,,,,#....*,,,..#,,,,,,,+,
≈≈≈,*,,*,,,,##+##*,,,,.#,*******,
≈≈≈,*,,*,,,,*,,,,*,,,,,#,+,,,,,*,


You could see a Hell Sentinel, a reaper and a tormentor.

Vanquished Creatures
  Geryon (Hell)
  Rupert (D:15)
  2 quicksilver dragons (Dis:6)
  2 tentacled starspawn
  Frances (D:12)
  A cacodemon (Dis:5)
  A fire giant (D:15)
  3 iron dragons
  A frost giant (Depths:1)
  A balrug (Abyss:3)
  2 juggernaut zombies (Hell)
  14 reapers
  3 stone giants
  10 very ugly things
  Nessos (D:13)
  Azrael (D:15)
  A dire elephant (Lair:6)
  A minotaur (Gauntlet)
  A blizzard demon (Dis:6)
  2 ettins (Depths:1)
  A mummy priest (Hell)
  2 fire dragons (Depths:1)
  A rakshasa (Depths:1)
  8 vault guards (D:14)
  Harold (D:7)
  Josephine (D:12)
  2 great orbs of eyes (Depths:1)
  7 boulder beetles
  2 hell beasts
  5 hydras
  4 ice dragons (Depths:1)
  A death knight (D:14)
  The ghost of XxsatanxX the Brawler, a novice TrFi of Makhleb (D:10)
  An ogre mage (Depths:1)
  2 centaur warriors
  A deep troll earth mage (Depths:1)
  16 two-headed ogres
  A tengu warrior (Depths:1)
  3 hell hogs (Hell)
  A death yak (Lair:6)
  A deep troll shaman (Depths:1)
  A soul eater (Dis:5)
  4 thrashing horrors
  3 titan zombies
  A storm dragon zombie (Dis:3)
  A queen ant (Gauntlet)
  8 iron golems (Dis:6)
  2 wretched stars
  27 skeletal warriors
  9 iron trolls
  2 spatial maelstroms (Abyss:3)
  A quicksilver dragon simulacrum (Abyss:2)
  10 hell knights (Hell)
  2 deep trolls (Depths:1)
  A spark wasp zombie (Hell)
  3 wizards
  2 unseen horrors
  A deep elf mage (D:12)
  2 phantasmal warriors
  6 necromancers
  A wolf spider zombie (D:15)
  A sphinx zombie (Hell)
  2 frost giant zombies
  29 ugly things
  An iron dragon zombie (Hell)
  2 fire giant zombies
  4 cyclopes
  3 manticores (D:14)
  A worldbinder (Abyss:3)
  A will-o-the-wisp (Abyss:3)
  15 rust devils
  A dire elephant zombie (Dis:2)
  2 spriggan zombies (Hell)
  Maurice (D:10)
  The ghost of delverdan the Poker, a novice MiFi (D:4)
  A storm dragon simulacrum (D:15)
  4 elephants
  2 centaur zombies
  A black mamba (shapeshifter) (D:13)
  14 cane toads
  2 smoke demons
  2 black mambas
  A molten gargoyle (Hell)
  2 orange demons (Lair:6)
  5 hellions
  5 tormentors
  2 yaktaurs
  2 freezing wraiths
  7 komodo dragons
  A redback zombie (D:15)
  2 efreet
  3 rime drakes (Lair:6)
  A hydra zombie (Dis:6)
  2 harpy zombies
  5 tengu conjurers
  7 trolls
  7 red devils
  A jumping spider (Lair:4)
  An ice dragon zombie (Hell)
  2 hornets
  4 polar bears
  4 slime creatures (D:15)
  2 fire dragon zombies (Hell)
  A deep troll zombie (Hell)
  An ettin zombie (Hell)
  A snapping turtle (Lair:3)
  A frost giant simulacrum (Depths:1)
  12 blink frogs
  A redback (Lair:4)
  A spriggan (shapeshifter) (Depths:1)
  A black mamba zombie (Dis:5)
  6 flying skulls (Dis:6)
  9 shadows
  8 wraiths
  A spriggan skeleton (Depths:1)
  A large abomination (Abyss:3)
  A vampire (D:10)
  5 wyverns
  9 fire elementals
  52 yaks
  Eustachio (D:6)
  A fire dragon skeleton (Hell)
  3 basilisks
  A ynoxinul (Abyss:3)
  4 vampire mosquitoes (D:15)
  A neqoxec (Abyss:3)
  2 wargs
  11 soldier ants
  3 acid dragons
  2 cane toad zombies
  35 hell hounds
  9 water moccasins
  4 ice beasts
  13 orc warriors
  Purgy (Sewer)
  2 necrophages
  2 ettin simulacra
  2 sky beasts
  A snapping turtle zombie (Hell)
  A hornet zombie (D:15)
  2 phantoms
  4 boggarts (Depths:1)
  An eye of draining (D:14)
  7 wolves
  5 ogres
  8 centaurs
  4 small abominations (Gauntlet)
  Blork the orc (D:5)
  4 big kobolds
  11 bullfrogs
  A wyvern skeleton (D:12)
  A wyvern zombie (D:13)
  7 scorpions
  9 wights
  An electric eel (Lair:3)
  3 howler monkeys (D:9)
  3 crimson imps
  3 quasits
  A gnoll shaman (D:6)
  A human zombie (Dis:3)
  A starcursed mass (Abyss:3)
  5 jellies
  2 bullfrog skeletons
  7 orc priests
  3 hounds
  17 iron imps
  7 orc wizards
  A human skeleton (Hell)
  2 centaur skeletons
  Ijyb (D:4)
  Terence (D:2)
  Natasha (thrice) (D:3)
  2 iguanas
  8 worker ants
  A hound zombie (D:8)
  2 hound skeletons
  A mummy (Dis:2)
  A howler monkey zombie (D:8)
  3 worker ant zombies
  9 adders
  8 gnolls
  A shadow imp (D:6)
  4 white imps
  4 ufetubi
  2 oozes
  3 adder skeletons
  5 worms
  2 dart slugs
  4 leopard geckos
  80 orcs
  7 giant cockroaches
  5 goblins
  4 hobgoblins
  9 jackals
  3 quokkas
  A ball python (D:1)
  8 bats
  4 frilled lizards
  26 kobolds
  6 rats
  A starspawn tentacle (Abyss:2)
906 creatures vanquished.

Vanquished Creatures (collateral kills)
  A fire dragon (Depths:1)
  3 iron trolls
  2 skeletal warriors (Dis:6)
  A deep troll (Depths:1)
  A rust devil (Dis:6)
8 creatures vanquished.

Vanquished Creatures (others)
  A green death (Hell)
  A wizard (D:14)
  A rust devil (Dis:6)
  A ynoxinul (Abyss:3)
  An orc (D:12)
  8 foxfires (Abyss:3)
  14 fungi
  10 plants
  8 starspawn tentacles
45 creatures vanquished.

Grand Total: 959 creatures vanquished

Notes
Turn   | Place    | Note
-------+----------+-------------------------------------------
     0 | D:5      | Zeldest the Deep Dwarf Delver began the quest for the Orb.
     0 | D:5      | Reached XP level 1. HP: 20/20 MP: 1/1
     5 | D:5      | Got a shimmering flail
     5 | D:5      | Identified the cursed +1 flail "Ewowous" {venom, rElec
                  | rPois Str+5 Int+3 Stlth+} (You found it on level 5 of the
                  | Dungeon)
    49 | D:5      | Found a staircase to the Ecumenical Temple.
    49 | D:5      | Noticed an orc priest
    56 | D:5      | Killed an orc priest
    57 | D:5      | Reached skill level 3 in Axes
    57 | D:5      | Reached skill level 1 in Armour
    57 | D:5      | Reached XP level 2. HP: 12/28 MP: 2/2
    57 | D:5      | Reached XP level 3. HP: 15/34 MP: 3/3
    61 | Temple   | Entered the Ecumenical Temple
   154 | Temple   | Became a worshipper of Elyvilon the Healer
   182 | D:5      | Noticed Blork the orc
   216 | D:5      | Killed Blork the orc
   217 | D:5      | Reached skill level 1 in Invocations
   217 | D:5      | Reached XP level 4. HP: 21/42 MP: 2/4
   248 | D:5      | Reached skill level 4 in Axes
   274 | D:5      | Reached XP level 5. HP: 36/49 MP: 5/5
   274 | D:5      | Noticed a centaur
   280 | D:5      | Killed a centaur
   324 | D:5      | Reached XP level 6. HP: 47/57 MP: 5/7
   347 | D:5      | Reached skill level 5 in Axes
   380 | D:4      | Got an ancient plate armour
   415 | D:5      | Identified the cursed +1 plate armour "Cutihoif" {rElec
                  | Int+2} (You found it on level 4 of the Dungeon)
   496 | D:4      | Found a runed translucent gate.
   496 | D:4      | Noticed delverdan's ghost (novice MiFi)
   497 | D:4      | Found a runed translucent gate.
   498 | D:4      | Found a runed translucent gate.
   500 | D:4      | Identified the +1 leather armour of Satisfaction {rN+}
   503 | D:4      | Found a roughly hewn altar of Beogh.
   657 | D:4      | Reached * piety under Elyvilon
   677 | D:4      | Noticed Ijyb
   685 | D:4      | Killed Ijyb
   971 | D:3      | Found a glowing drain.
   977 | Sewer    | Entered a sewer
  1029 | Sewer    | Noticed Purgy
  1039 | Sewer    | Killed Purgy
  1040 | Sewer    | Reached skill level 1 in Evocations
  1040 | Sewer    | Reached XP level 7. HP: 50/64 MP: 8/8
  1166 | D:3      | Noticed Natasha
  1177 | D:3      | Killed Natasha
  1288 | D:2      | Noticed Terence
  1291 | D:2      | Killed Terence
  1332 | D:2      | Found a radiant altar of Vehumet.
  1660 | D:1      | Reached ** piety under Elyvilon
  1839 | D:3      | Noticed Natasha
  1843 | D:3      | Killed Natasha
  1858 | D:3      | Noticed Natasha
  1862 | D:3      | Killed Natasha
  1863 | D:3      | Reached skill level 6 in Axes
  2131 | D:6      | Reached XP level 8. HP: 58/73 MP: 5/10
  2173 | D:6      | Reached skill level 7 in Axes
  2175 | D:6      | Reached skill level 5 in Invocations
  2250 | D:6      | Found a shimmering blue altar of Sif Muna.
  2359 | D:6      | Reached skill level 5 in Fighting
  2385 | D:6      | Noticed Eustachio
  2417 | D:6      | Killed Eustachio
  2418 | D:6      | Reached skill level 5 in Armour
  2433 | D:6      | Noticed a troll
  2451 | D:6      | Killed a troll
  2452 | D:6      | Reached skill level 8 in Axes
  2456 | D:6      | Gained mutation: You passively map the area around you.
                  | [Deep Dwarf growth]
  2456 | D:6      | Reached XP level 9. HP: 24/81 MP: 12/12
  2544 | D:6      | Found a hide-covered altar of Uskayaw.
  2544 | D:6      | Found a stormy altar of Qazlal.
  2628 | D:6      | Reached skill level 5 in Evocations
  2926 | D:7      | Found an opulent altar of Gozag.
  3087 | D:7      | Reached *** piety under Elyvilon
  3167 | D:7      | Noticed Harold
  3191 | D:7      | Killed Harold
  3192 | D:7      | Reached skill level 9 in Axes
  3534 | D:8      | Noticed a two-headed ogre
  3543 | D:8      | Killed a two-headed ogre
  3544 | D:8      | Reached XP level 10. HP: 33/91 MP: 14/14
  3565 | D:8      | Found a sacrificial altar of Ru.
  3691 | D:8      | Found a burning altar of Makhleb.
  3691 | D:8      | Found a shimmering altar of Xom.
  3724 | D:8      | Noticed an angel
  3725 | D:8      | Found a glowing silver altar of Zin.
  3894 | D:9      | Noticed a two-headed ogre
  3902 | D:9      | Killed a two-headed ogre
  3903 | D:9      | Reached skill level 10 in Axes
  3946 | D:9      | Found a staircase to the Lair.
  3995 | D:9      | Noticed a two-headed ogre
  4002 | D:9      | Killed a two-headed ogre
  4115 | D:9      | Reached **** piety under Elyvilon
  4139 | D:9      | Found Erhoux's Armour Emporium.
  4140 | D:9      | Found a staircase to the Orcish Mines.
  4602 | D:10     | Entered Level 10 of the Dungeon
  4686 | D:10     | Noticed Maurice
  4712 | D:10     | Killed Maurice
  5047 | D:10     | Reached skill level 11 in Axes
  5151 | D:10     | Identified the +2 great mace "Faum" {holy, rN++}
  5151 | D:10     | Identified the +0 chain mail of Insatiable Hunger {Harm
                  | Rampage Str-5 SInv}
  5151 | D:10     | Noticed XxsatanxX's ghost (novice TrFi)
  5154 | D:10     | Found a runed translucent gate.
  5154 | D:10     | Found a runed translucent gate.
  5154 | D:10     | Identified the +5 kite shield of Love and Death {-Cast
                  | rElec Str+5 Stlth+}
  5155 | D:10     | Found a roughly hewn altar of Beogh.
  5155 | D:10     | Found a runed translucent gate.
  5484 | D:10     | Killed XxsatanxX's ghost
  5485 | D:10     | Reached XP level 11. HP: 36/100 MP: 13/16
  5868 | D:11     | Noticed a two-headed ogre
  5881 | D:11     | Killed a two-headed ogre
  5992 | D:11     | Found a sparkling altar of Nemelex Xobeh.
  6670 | D:12     | Noticed Josephine
  6679 | D:12     | Killed Josephine
  6728 | D:12     | Noticed a deep elf mage
  6731 | D:12     | Noticed a boulder beetle
  6745 | D:12     | Killed a boulder beetle
  6746 | D:12     | Reached skill level 12 in Axes
  6766 | D:12     | Killed a deep elf mage
  6767 | D:12     | Reached skill level 10 in Invocations
  6981 | D:12     | Noticed a skeletal warrior
  6981 | D:12     | Noticed a skeletal warrior
  6981 | D:12     | Noticed a skeletal warrior
  6982 | D:12     | Noticed a skeletal warrior
  6985 | D:12     | Noticed Frances
  6990 | D:12     | Noticed a sixfirhy
  6990 | D:12     | Noticed a soul eater
  7030 | D:11     | Killed a skeletal warrior
  7135 | Orc:1    | Entered Level 1 of the Orcish Mines
  7246 | Orc:2    | Entered Level 2 of the Orcish Mines
  7348 | Orc:2    | Reached XP level 12. HP: 88/110 MP: 16/16
  7378 | Orc:2    | Noticed a two-headed ogre
  7430 | Lair:1   | Entered Level 1 of the Lair of Beasts
  7463 | Lair:1   | Reached skill level 1 in Shields
  7628 | Lair:1   | Reached ***** piety under Elyvilon
  7664 | Lair:1   | Reached skill level 13 in Axes
  8482 | Lair:2   | Found a gate leading to a gauntlet.
  8778 | Gauntlet | Entered a Gauntlet
  8778 | Gauntlet | Found a transporter.
  8778 | Gauntlet | Found a transporter.
  8778 | Gauntlet | Found a runed translucent door.
  8778 | Gauntlet | Found a runed translucent door.
  8778 | Gauntlet | Found a runed translucent door.
  8784 | Gauntlet | Found a transporter.
  8795 | Gauntlet | Noticed a catoblepas
  8799 | Gauntlet | Found a transporter.
  8813 | Gauntlet | Found the +10 tower shield of Ignorance {rN+ Int-4}
  8814 | Gauntlet | Found a transporter.
  8814 | Gauntlet | Found a transporter.
  8816 | Gauntlet | Found a transporter.
  8816 | Gauntlet | Found a transporter.
  8818 | Gauntlet | Found a transporter.
  8818 | Gauntlet | Noticed a death ooze
  8827 | Gauntlet | Found a transporter.
  8843 | Gauntlet | Found a transporter.
  8853 | Gauntlet | Found a transporter.
  8870 | Gauntlet | Found a transporter.
  8887 | Gauntlet | Found a transporter.
  8894 | Gauntlet | Found a runed translucent door.
  8913 | Gauntlet | Noticed a queen ant
  8945 | Gauntlet | Killed a queen ant
  9120 | Gauntlet | Got a heavily runed granite ring
  9122 | Gauntlet | Identified the ring "Fifrued" {AC+4 Int+5} (You found it in
                  | a Gauntlet)
  9160 | Gauntlet | Noticed a minotaur
  9180 | Gauntlet | Killed a minotaur
  9454 | Lair:3   | Reached skill level 10 in Armour
  9552 | Lair:3   | Reached XP level 13. HP: 115/121 MP: 17/17
  9559 | Lair:3   | Found a transporter.
  9563 | Lair:3   | Noticed Deesahac's ghost (journeyman BaFi)
  9595 | Lair:3   | Found a transporter.
  9602 | Lair:3   | Reached skill level 14 in Axes
  9602 | Lair:3   | Identified the +7 trident "Jellybane" {distort, Dex+5}
 10148 | Lair:3   | Found a staircase to the Shoals.
 10211 | Lair:4   | Found a hole to the Spider Nest.
 10324 | Lair:4   | You fall into a shaft and drop 1 floor!
 10324 | Lair:5   | Reached ****** piety under Elyvilon
 10334 | Lair:5   | Reached skill level 5 in Shields
 10583 | Lair:5   | Found a hide-covered altar of Uskayaw.
 10584 | Lair:5   | Found an ornate altar of the Wu Jian Council.
 10985 | Lair:6   | Entered Level 6 of the Lair of Beasts
 11423 | Lair:6   | Reached skill level 15 in Axes
 11521 | Lair:6   | Found a viscous altar of Jiyva.
 11522 | Lair:6   | Found a staircase to the Slime Pits.
 11654 | Lair:6   | Noticed a dire elephant
 11689 | Lair:6   | Killed a dire elephant
 11690 | Lair:6   | Gained mutation: You resist negative energy. (rN+) [Deep
                  | Dwarf growth]
 11690 | Lair:6   | Reached XP level 14. HP: 94/130 MP: 19/19
 11720 | Lair:6   | Found a burning altar of Makhleb.
 11780 | Lair:6   | Reached skill level 10 in Fighting
 11832 | Lair:6   | Found a gateway to Hell.
 11849 | Lair:6   | Got a smoking bronze ring
 11855 | Lair:6   | Identified the ring of Vamow {rElec rC+ AC+4 Int-2} (You
                  | found it on level 6 of the Lair of Beasts)
 12624 | D:12     | Killed Frances
 12771 | D:13     | Found Zamugeg's Distillery.
 12803 | D:13     | Bought a potion of ambrosia for 144 gold pieces
 12803 | D:13     | Bought a potion of mutation for 144 gold pieces
 12851 | D:13     | Noticed Nessos
 12871 | D:13     | Killed Nessos
 14000 | D:13     | Reached skill level 16 in Axes
 14074 | D:14     | Found an opulent altar of Gozag.
 14236 | D:14     | Found a gate to the Vaults.
 14465 | D:14     | Identified a scroll of acquirement
 14465 | D:14     | Acquired the ring of Dawn {rPois rF+ rC+ Will- SInv}
 14627 | D:14     | Reached XP level 15. HP: 129/140 MP: 17/17
 15501 | D:15     | Entered Level 15 of the Dungeon
 15605 | D:15     | Noticed Azrael
 15632 | D:15     | Killed Azrael
 15672 | D:15     | Found a staircase to the Depths.
 15672 | D:15     | Noticed a fire giant
 15867 | D:15     | Reached skill level 17 in Axes
 15905 | D:15     | Killed a fire giant
 15994 | D:15     | Identified Roxanne's Reference Book on the Mountains
 15994 | D:15     | Noticed Roxanne
 16235 | D:15     | Noticed Rupert
 16261 | D:15     | Killed Rupert
 17637 | D:2      | Found a burning altar of Makhleb.
 18256 | D:4      | Killed delverdan's ghost
 18310 | D:5      | Found a basalt altar of Yredelemnul.
 18310 | D:5      | Found a bloodstained altar of Trog.
 18315 | D:5      | Found a faded altar of an unknown god.
 18317 | D:5      | Found a faded altar of an unknown god.
 18319 | D:5      | Found a glowing golden altar of the Shining One.
 18322 | D:5      | Fell from the grace of Elyvilon
 18322 | D:5      | Became a worshipper of the Shining One
 18322 | D:5      | Reached * piety under the Shining One
 18322 | D:5      | Reached ** piety under the Shining One
 18322 | D:5      | Reached *** piety under the Shining One
 18573 | Hell     | Entered the Vestibule of Hell
 18573 | Hell     | Noticed Geryon
 18573 | Hell     | Reached **** piety under the Shining One
 18982 | Depths:1 | Entered Level 1 of the Depths
 19179 | Depths:1 | Paralysed by a great orb of eyes for 6 turns
 19232 | Depths:1 | Noticed a frost giant
 19243 | Depths:1 | Reached skill level 10 in Shields
 19247 | Depths:1 | Reached XP level 16. HP: 41/151 MP: 14/14
 19253 | Depths:1 | Reached skill level 15 in Invocations
 19373 | Depths:1 | Reached ***** piety under the Shining One
 19452 | Depths:1 | Reached skill level 18 in Axes
 19574 | Depths:1 | Reached skill level 10 in Evocations
 19818 | Depths:1 | Cast into level 2 of the Abyss (a wizard)
 19818 | Abyss:2  | Found a corrupted altar of Lugonu.
 19903 | Abyss:2  | Noticed a tentacled starspawn
 19918 | Abyss:2  | Killed a tentacled starspawn
 19946 | Abyss:3  | Found a corrupted altar of Lugonu.
 20080 | Abyss:3  | Noticed a tentacled starspawn
 20102 | Abyss:3  | Killed a tentacled starspawn
 20129 | Depths:1 | Escaped the Abyss
 20328 | Depths:2 | Reached ****** piety under the Shining One
 20370 | Depths:2 | Identified a +6 broad axe of holy wrath (a +4 broad axe
                  | blessed by the Shining One)
 20370 | Depths:2 | Received a gift from the Shining One
 20783 | Hell     | Reached XP level 17. HP: 154/159 MP: 3/3
 20802 | Hell     | Killed Geryon
 20878 | Hell     | Found a gateway to the decaying netherworld of Tartarus.
 20901 | Hell     | Reached skill level 19 in Axes
 20972 | Hell     | HP: 6/160 [reaper/+2 scythe of protection (34)]
 20997 | Hell     | Found a gateway to the ashen valley of Gehenna.
 21091 | Hell     | Found a gateway to the Iron City of Dis.
 21122 | Dis:1    | Entered Level 1 of the Iron City of Dis
 21122 | Dis:1    | Found a gateway to Hell.
 21209 | Dis:2    | Found a gateway to Hell.
 21298 | Dis:3    | Found a gateway to Hell.
 21381 | Dis:4    | Found a gateway to Hell.
 21381 | Dis:4    | Found a gateway to Hell.
 21385 | Dis:5    | Found a gateway to Hell.
 21540 | Dis:6    | Found a gateway to Hell.
 21961 | Dis:6    | Gained mutation: You passively map a large area around you.
                  | [Deep Dwarf growth]
 21961 | Dis:6    | Reached XP level 18. HP: 146/170 MP: 2/2
 22182 | Dis:7    | Entered Level 7 of the Iron City of Dis
 22182 | Dis:7    | Found a gateway to Hell.
 22256 | Dis:7    | Noticed a Hell Sentinel
 22270 | Dis:7    | Reached skill level 20 in Axes
 22276 | Dis:7    | Killed from afar by a Hell Sentinel

Illustrated notes

Levels and vault maps discovered:
D:1:      evilmike_arrival_hilbert_curve, layout_basic,
          minmay_misc_feat_diagonals
D:2:      layout_loops_ring, fiery_altar_vehumet, makhleb_altar_promises_db,
          uniq_terence
D:3:      layout_rooms, gup_sewer_entry_pipe, uniq_natasha
D:4:      layout_loops_ring, biasface_ghost_orc_armoury, uniq_ijyb
D:5:      layout_loops_cross, chequers_temple_overflow_minitemple,
          minmay_temple_entry_proselytizer, serial_shops,
          nicolae_shop_statue_plus, uniq_blork_the_orc
D:6:      minmay_razor_zed, layout_rooms, gammafunk_temple_overflow_statue,
          lemuel_coloured_pillars_altar, uniq_eustachio
D:7:      layout_loops_ring, lemuel_doored_altar, uniq_harold
D:8:      layout_rooms, grunt_temple_overflow_champion_of_chaos, zin_angel,
          nicolae_ru_awakened_eye
D:9:      layout_small_grid, dpeg_oklobed_lair, orc_david_3
D:10:     layout_irregular_city, biasface_ghost_orc_armoury, uniq_maurice
D:11:     layout_basic, grunt_ministairs_15, chequers_avenue,
          nemelex_diamond_rough_becter
D:12:     layout_basic, uniq_josephine, uniq_frances
D:13:     layout_layer_cave, serial_shops, shop, uniq_nessos
D:14:     layout_layer_cave, erik_vaults_2, chequers_jeans, basic_altar
D:15:     grunt_enter_depths_giant_problem, layout_layer_cave,
          roderic_lattice_a, uniq_azrael, uniq_rupert, uniq_roxanne
Temple:   zaba_magenta_temple
Lair:1:   layout_regular_city
Lair:2:   layout_loops_ring, gauntlet_entry_generic
Lair:3:   layout_big_grid, minmay_shoals_entry_hut,
          gammafunk_ghost_abyssal_escape, st_stairs_10
Lair:4:   layout_hall_layers, spider_nest_entry_a
Lair:5:   layout_cave_shapes, nzn_masters_of_martial_movement,
          infiniplex_staircase_pool, grunt_megastairs_5, serial_bayou_shore_b
Lair:6:   evil_forest, layout_gridlike, dpeg_slime_entry_enclosed_altar,
          grunt_megastairs_1
Orc:1:    layout_diamond_mine, serial_shops, nicolae_shop_crystal, basic_altar,
          mines2_lemuel, uniq_erolcha, uniq_sonja
Orc:2:    pubby_orc_utopia
Depths:1: evilmike_cross, layout_basic, grunt_mini_vestibule,
          minmay_misc_feat_doors, grunt_decor_arrowhead, st_stairs_12
Depths:2: lemuel_castle_with_subvaults [lemuel_castle_interior_carwin_3],
          layout_honeycomb, enter_ziggurat_a, hell_entry, serial_shops, shop,
          hangedman_abyss_or_decor_stabs, grunt_megastairs_2, firewood_loft,
          minmay_staircase_bubble, serial_bayou_shore_b, minmay_shop_grove,
          serial_bayou_shore_a, serial_bayou_shore_b
Hell
Dis:1:    layout_jigsaw
Dis:2:    layout_gridville
Dis:3:    layout_gridville
Dis:4:    layout_chaotic_city
Dis:5:    layout_subdivisions
Dis:6:    layout_jigsaw, hangedman_dis_decor_tower, nrook_loot_triangle,
          grunt_dis_stairs_iron_hall
Dis:7:    dis_st

Skill      XL: |  1  2  3  4  5  6  7  8  9 10 11 12 13 14 15 16 17 18 |
---------------+-------------------------------------------------------+-----
Fighting       | 3 4 5 6 7 8 9 10 11 12 13 | 13.0
Axes           | 3 4 5 6 8 9 11 12 13 15 16 17 18 19 20 | 20.0
Armour         | 1 2 3 4 5 6 7 8 10 11 12 13 14 | 14.7
Invocations    | 1 2 3 4 6 7 8 10 11 12 13 14 15 16 17 | 17.0
Evocations     | 1 2 4 6 8 9 10 12 | 12.5
Shields        | 4 6 8 10 11 12 | 12.3
Dodging        | |  2.1
Stealth        | |  6.0

Action                   |  1- 3 |  4- 6 |  7- 9 | 10-12 | 13-15 | 16-18 || total
-------------------------+-------+-------+-------+-------+-------+-------++-------
Melee: Flail             |    11 |   155 |   133 |       |       |       ||   299
       Battleaxe         |       |       |   166 |   428 |       |       ||   594
       War axe           |       |       |       |   218 |  1255 |       ||  1473
       Hand axe          |       |       |       |   138 |       |       ||   138
       Broad axe         |       |       |       |       |   400 |  1134 ||  1534
Invok: Lesser Healing    |       |       |    32 |    71 |    74 |       ||   177
       Greater Healing   |       |       |       |     1 |       |       ||     1
       Divine Vigour     |       |       |       |       |     1 |       ||     1
       Divine Shield     |       |       |       |       |     3 |       ||     3
       Brand Weapon With |       |       |       |       |       |     1 ||     1
 Abil: Heal Wounds       |     1 |     3 |     1 |     9 |    36 |    42 ||    92
Evoke: Wand              |       |       |       |     1 |     4 |    14 ||    19
       Box of beasts     |       |       |       |       |       |     3 ||     3
  Use: Scroll            |       |       |     8 |     6 |    20 |     5 ||    39
       Potion            |       |       |       |     1 |     4 |    13 ||    18
 Stab: Paralysed         |       |       |       |     5 |       |       ||     5
       Distracted        |       |       |       |       |     3 |       ||     3
Armor: Plate armour      |     4 |   127 |   257 |   433 |   563 |   340 ||  1724
Dodge: Dodged            |     5 |    86 |   136 |   173 |   105 |    93 ||   598
Block: Other             |       |    17 |    76 |   109 |       |       ||   202
       Reflection        |       |     2 |     3 |     9 |    38 |    16 ||    68
       Kite shield       |       |       |       |   191 |       |       ||   191
       Tower shield      |       |       |       |   162 |  2101 |  1400 ||  3663
